AoeStats
← 从不压堡之人

MegaRandom

509857532Analyzed
4v4 RM · 3d ago on Sep 28, 2026· 42m 22s· 8 players
Game mode
Random Map
Map size
Large (8 player)
Population
200
Speed
Normal
Resources
Standard
Victory
Conquest
Starting age
Dark Age
Ending age
Imperial Age
RankedLock teamsTeams togetherTeam positionsShared explorationLock speedFull tech treeHidden civsTurbo modeCheats
Victory
Defeat
🇨🇳 Vietnamese · China
1276
+12
🇨🇳 Hindustanis · China
1271
+12
🇨🇳 Mongols · China
1271
+12
🇨🇳 Persians · China
1247
+13
🇨🇳 Magyars · China
1348
-18
1224
-13
🇨🇳 Poles · China
1125
-10
🇨🇳 Spanish · China
1076
-8
孤鸿
6:52 Loom
9:23 Feudal Age
10:45 Double-Bit Axe
11:08 Horse Collar
19:21 Castle Age
18:30 Scale Barding Armor
18:40 Bloodlines
19:38 Forging
25:52 Husbandry
35:42 Imperial Age
36:23 Wheelbarrow
35:42 Cavalier
37:48 Chain Barding Armor
ThomasDZK
4:54 Loom
9:35 Feudal Age
10:03 Double-Bit Axe
17:05 Fletching
18:13 Padded Archer Armor
23:48 Castle Age
25:05 Bow Saw
25:02 Bodkin Arrow
25:09 Horse Collar
24:54 Crossbowman
26:53 Scale Barding Armor
28:28 Ballistics
28:13 Heavy Plow
32:34 Leather Archer Armor
34:05 Wheelbarrow
35:20 Thumb Ring
38:25 Imperial Age
37:12 Hand Cart
39:05 Bracer
40:09 Chemistry
40:07 Arbalester
42:22 Ring Archer Armor
福州大西瓜
7:18 Loom
9:41 Feudal Age
14:57 Scale Barding Armor
17:34 Horse Collar
22:39 Castle Age
20:28 Double-Bit Axe
21:19 Bloodlines
22:28 Fletching
22:38 Padded Archer Armor
26:15 Thumb Ring
27:30 Husbandry
27:42 Bodkin Arrow
28:02 Leather Archer Armor
28:39 Wheelbarrow
28:03 Gold Mining
32:24 Ballistics
31:29 Light Cavalry
32:53 Leather Archer Armor
33:00 Chain Barding Armor
32:50 Forging
38:35 Hand Cart
福清大冬瓜
5:29 Loom
11:17 Feudal Age
20:08 Double-Bit Axe
28:23 Castle Age
26:39 Gold Mining
28:48 Fletching
34:19 Grand Trunk Road
37:08 Scale Mail Armor
37:21 Forging
39:31 Chain Mail Armor
叫声乌鸦哥
8:19 Loom
10:39 Feudal Age
14:18 Castle Age
12:53 Double-Bit Axe
15:50 Horse Collar
20:13 Wheelbarrow
20:16 Town Watch
21:20 Fletching
21:44 Heavy Plow
23:07 Scale Barding Armor
24:39 Chain Barding Armor
25:02 Husbandry
26:49 Bloodlines
28:05 Hand Cart
29:45 Bow Saw
30:13 Gold Mining
31:45 Gold Shaft Mining
32:04 Light Cavalry
38:54 Imperial Age
40:14 Plate Barding Armor
40:50 Two-Man Saw
39:17 Hussar
41:40 Conscription
我不是蓝精灵
10:50 Feudal Age
10:15 Loom
15:44 Castle Age
14:15 Double-Bit Axe
14:13 Horse Collar
15:46 Town Watch
17:22 Wheelbarrow
19:40 Heavy Plow
20:33 Pikeman
22:59 Bow Saw
23:07 Scale Mail Armor
23:43 Forging
24:21 Stone Mining
24:54 Gold Mining
25:37 Hand Cart
25:29 Fletching
27:02 Chain Mail Armor
31:01 Imperial Age
29:52 Iron Casting
30:13 Szlachta Privileges
30:28 Bodkin Arrow
30:44 Squires
30:29 Arson
31:25 Elite Obuch
34:05 Plate Mail Armor
37:36 Blast Furnace
37:13 Bracer
40:42 Conscription
40:52 Scale Barding Armor
41:30 Crop Rotation
42:35 Hoardings
从不压堡之人
4:16 Loom
10:36 Feudal Age
14:42 Castle Age
12:46 Double-Bit Axe
14:15 Loom
26:50 Town Watch
30:20 Wheelbarrow
29:54 Fletching
31:28 Bodkin Arrow
32:30 Ballistics
32:49 Padded Archer Armor
38:21 Imperial Age
40:48 Leather Archer Armor
40:41 Husbandry
我独自送头 Solo Feeding
9:20 Feudal Age
8:57 Loom
12:53 Castle Age
11:24 Double-Bit Axe
21:50 Town Watch
24:15 Wheelbarrow
24:11 Fletching
25:21 Padded Archer Armor
26:00 Bodkin Arrow
27:19 Leather Archer Armor
27:23 Gold Mining
28:47 Horse Collar
29:18 Bow Saw
33:21 Imperial Age
32:47 Hand Cart
34:02 Bracer
35:04 Chemistry
35:24 Two-Man Saw
34:58 Conscription
34:04 Elite Genoese Crossbowman
35:45 Ballistics
37:07 Ring Archer Armor
36:43 Scale Barding Armor
36:48 Forging
37:29 Stone Mining
39:58 Chain Barding Armor
40:13 Iron Casting
39:50 Thumb Ring
39:40 Light Cavalry
40:30 Bloodlines
40:20 Husbandry
41:23 Guard Tower
41:18 Treadmill Crane
42:17 Plate Barding Armor
Connection lost

Rejoining the realm…

Still unreachable

The connection could not be restored.

Session expired

The server has moved on; the page needs a fresh start.